cohdb
Replays
Latest Replays
All Replays
Popular Replays
Top Player Replays
Match Explorer
How It Works
Community
CoH3 Stats
Reddit
Sign in to upload your games and track your stats! →
Sign in with Steam
Match 44826312
Unlisted
Match 44826312
Overview
Messages
Build Orders
End
Construct Barracks
Selects Advanced Infantry Battlegroup
Riflemen Squad
1⁄4-ton 4x4 Truck
Riflemen Squad
Grenade Package
M1 Mortar Team
Riflemen Squad
Selects Convert to Ranger Squad
Infantry Support Center
Engineer Squad
Construct Motor Pool
Selects Frontline Medical Station
Advanced Logistics
Demolitions Package
M1 Anti-tank Gun Team
Munitions Surplus
Construct Medical Station
Convert to Ranger Squad
Construct Tank Depot
Selects Ranger Weapon Training
Selects Ammunition Storage
M4A1 Sherman Medium Tank
M4A1 Sherman Medium Tank
Selects M2A1 105mm Howitzer Emplacement
.30 cal Machine Gun
Survival Training
Selects Free Fire Drills
Frontline Medical Station
Saxil
Gwangju's Hero Chun Doo-gwang
Number 60
DaPopeCOH
ElZocko
Rowdy
0
0
Comments
sign in to comment!
No comments posted yet!